 Dungeon Crawl Stone Soup version 0.19.4-10-g532645f (webtiles) character file.

207 tof the Firebug (level 5, 0/39 HPs)
             Began as a Draconian Wanderer on Feb 25, 2017.
             Slain by tof's ghost (12 damage)
             ... on level 4 of the Dungeon.
             The game lasted 00:09:07 (3125 turns).

tof the Firebug (Draconian Wanderer)                Turns: 3125, Time: 00:09:08

Health: 0/39       AC:  6    Str: 14    XL:     5   Next: 54%
Magic:  2/9        EV: 11    Int: 14    God:
Gold:   124        SH:  5    Dex: 10    Spells: 1 memorised, 8 levels left

rFire  x . .     SeeInvis .     k - +2 whip (holy)
rCold  + . .     Gourm    .     (armour unavailable)
rNeg   . . .     Faith    .     (no shield)
rPois  .         Spirit   .     (helmet restricted)
rElec  .         Reflect  +     (no cloak)
rCorr  .         Harm     .     w - +0 pair of gloves
MR     .....                    (no boots)
Stlth  +.........               o - +5 amulet of reflection
                                (no ring)
                                j - ring of ice

@: very slightly contaminated, heavily drained
A: unfitting armour, cold-blooded, AC +5
a: no special abilities


You were on level 4 of the Dungeon.
You were hungry.

You visited 1 branch of the dungeon, and saw 4 of its levels.

You collected 124 gold pieces.

Inventory:

Hand Weapons
 k - a +2 whip of holy wrath (weapon)
Armour
 w - a +0 pair of gloves (worn)
Jewellery
 j - a ring of ice (left hand)
 o - a +5 amulet of reflection (around neck)
Wands
 x - a wand of paralysis (12/24)
Scrolls
 c - 7 scrolls of teleportation
 d - a scroll of amnesia {unknown}
 l - a scroll of blinking {unknown}
 m - 3 scrolls of fog {unknown}
 n - a scroll of random uselessness {unknown}
 q - 4 scrolls of identify {unknown}
 v - a scroll of recharging {unknown}
 y - a scroll of remove curse {unknown}
Potions
 e - a potion of heal wounds {unknown}
 i - 2 potions of brilliance {unknown}
 p - 2 potions of curing {unknown}
 s - 2 potions of flight {unknown}
 t - a potion of mutation {unknown}
Books
 a - a book of Flames

   Spells                             Type                      Level
   a - Flame Tongue                   Conjuration/Fire             1
   b - Throw Flame                    Conjuration/Fire             2
   c - Conjure Flame                  Conjuration/Fire             3
   d - Inner Flame                    Hexes/Fire                   3
   e - Sticky Flame                   Conjuration/Fire             4
   f - Fireball                       Conjuration/Fire             5
 b - the Collected Works on the Mountains

   Spells                             Type                      Level
   a - Sandblast                      Earth                        1
   b - Stone Arrow                    Conjuration/Earth            3
Comestibles
 f - 3 bread rations
 g - 2 royal jellies
 h - 6 fruits
 r - a meat ration
 u - 6 chunks of flesh


   Skills:
 + Level 0.7(0.0) Fighting
 + Level 2.2(0.0) Maces & Flails
 + Level 1.6(0.0) Dodging
 + Level 0.8(0.0) Stealth
   Level 2.0(0.0) Shields
 + Level 2.7(0.5) Spellcasting
 + Level 1.0(0.0) Conjurations
   Level 2.0(0.0) Transmutations
 + Level 5.5(3.1) Fire Magic


You had 8 spell levels left.
You knew the following spells:

 Your Spells              Type           Power        Failure   Level  Hunger
a - Flame Tongue          Conj/Fire      #....        17%         1    ##.....


Dungeon Overview and Level Annotations

Branches:
Dungeon (4/15)
 Temple: D:4-7

Altars:
Okawaru

Annotations:
D:4 tof's ghost, amateur DrWr


Innate Abilities, Weirdness & Mutations

Your plain brown scales are hard. (AC +5)
You cannot fit into any form of body armour.
You are cold-blooded and may be slowed by cold attacks.


Message History

Aiming: Flame Tongue
Press: ? - help, Shift-Dir - straight line, f/p - tof's ghost
Aim: tof's ghost, wielding a weapon of draining (lightly damaged)
The flame tongue hits tof's ghost.
Tof's ghost appears unharmed.
Tof's ghost is lightly damaged.
You block tof's ghost's attack.
Casting: Flame Tongue
Confirm with . or Enter, or press ? or * to list all spells.
Aiming: Flame Tongue
Press: ? - help, Shift-Dir - straight line, f/p - tof's ghost
Aim: tof's ghost, wielding a weapon of draining (lightly damaged)
You miscast Flame Tongue.
Nothing appears to happen.
You block tof's ghost's attack.
Casting: Flame Tongue
Confirm with . or Enter, or press ? or * to list all spells.
Aiming: Flame Tongue
Press: ? - help, Shift-Dir - straight line, f/p - tof's ghost
Aim: tof's ghost, wielding a weapon of draining (lightly damaged)
The flame tongue misses tof's ghost.
Tof's ghost hits you!
You die...

......................
...................#+##
...................'...
..................#...
..................####
###'##########....#..#
#.........)..'....#...
#............#....#...
#...W@.......#....#...
#.####...##..#....##'#
#...#######.....(
........ #......
#.........( #......
#............#......
#########+##+#......
#######


You could see tof's ghost.

Vanquished Creatures
  An ogre (D:4)
  4 adders
  An ooze (D:1)
  A worm (D:3)
  4 dart slugs
  3 leopard geckos
  2 orcs (D:3)
  7 bats
  2 giant cockroaches
  8 goblins
  5 hobgoblins
  10 jackals (D:3)
  2 ball pythons
  4 frilled lizards
  A jackal skeleton (D:4)
  9 kobolds
  4 rats
68 creatures vanquished.

Notes
Turn   | Place    | Note
-------+----------+-------------------------------------------
     0 | D:1      | tof the Draconian Wanderer began the quest for the Orb.
     0 | D:1      | tof set off with: a book of Flames, the Collected Works on the Mountains, a scroll of teleportation, a +0 club, a bread ration
     0 | D:1      | Reached XP level 1. HP: 14/14 MP: 2/2
     0 | D:1      | Identified the Collected Works on the Mountains
     2 | D:1      | Learned a level 1 spell: Flame Tongue
   197 | D:1      | Reached XP level 2. HP: 7/20 MP: 2/4
   732 | D:1      | Reached XP level 3. HP: 17/26 MP: 4/6
  2017 | D:3      | Reached skill level 1 in Dodging
  2033 | D:3      | Reached XP level 4. HP: 33/33 MP: 5/7
  2036 | D:3      | Reached skill level 1 in Maces & Flails
  2074 | D:3      | Found an iron altar of Okawaru.
  2957 | D:4      | Noticed an ogre
  2966 | D:4      | Killed an ogre
  2966 | D:4      | Reached skill level 1 in Conjurations
  2966 | D:4      | Reached XP level 5. HP: 32/39 MP: 0/9
  3104 | D:4      | Noticed tof's ghost (amateur DrWr)
  3125 | D:4      | Slain by tof's ghost

Skill      XL: |  1  2  3  4 |
---------------+-------------+-----
Spellcasting   | 2 |  2.7
Dodging        | 1 |  1.6
Maces & Flails | 2 |  2.2
Conjurations   | 1 |  1.0
Fighting       | |  0.7
Stealth        | |  0.8
Shields        | |  2.0
Transmutations | |  2.0
Fire Magic     | |  5.5

Action                   |  1- 3 |  4- 6 || total
-------------------------+-------+-------++-------
Melee: Club              |    40 |       ||    40
       Whip              |    75 |    70 ||   145
       Tailslap          |     7 |     6 ||    13
 Cast: Flame Tongue      |    28 |    36 ||    64
 Stab: Sleeping          |     1 |       ||     1
  Eat: Chunk             |     4 |     4 ||     8
Armor: Skin              |    27 |    31 ||    58
Dodge: Dodged            |    85 |    53 ||   138
Block: Other             |    10 |    21 ||    31
